cohdb
Replays
Latest Replays
All Replays
Popular Replays
Top Player Replays
Match Explorer
How It Works
Community
CoH3 Stats
Reddit
Sign in to upload your games and track your stats! →
Sign in with Steam
Match 46979682
Unlisted
Match 46979682
Overview
Messages
Build Orders
End
Kradschützen Motorcycle Team
Selects Italian Combined Arms Battlegroup
Selects Bersaglieri Squad
Bersaglieri Squad
Bersaglieri Squad
Bersaglieri Squad
Construct Light Support Kompanie
Panzerjäger Squad
2.5-tonne Medical Truck
Selects Bersaglieri Bolster
Panzerjäger Mechanized Group
Fire Support Elements
Panzerjäger Squad
Selects Semovente da 75/18 Assault Gun
Selects Carro Armato M13/40 Light Tank
Flakvierling Half-track
Selects Artillery Cover
Bersaglieri Squad
Artillery Cover
Construct Panzerarmee Kommand
Selects Breda Model 30 Light Machine Guns
Armored Reserves
Panzer IV Assault Group
Artillery Cover
DoMxNightM4rE
zintoko
chad
pagep
DoDonPachi
7k this year for sure
0
0
Comments
sign in to comment!
No comments posted yet!